 Dungeon Crawl Stone Soup version 0.21.1-1-g345015fe64 (webtiles) character file.

143579 HypnoRock the Bludgeoner (level 16, -8/138 HPs)
             Began as a Minotaur Berserker on June 8, 2018.
             Was the Champion of Trog.
             Mangled by a four-headed hydra (12 damage)
             ... on level 4 of the Swamp on June 9, 2018.
             The game lasted 04:27:57 (28686 turns).

HypnoRock the Bludgeoner (Minotaur Berserker)      Turns: 28686, Time: 04:28:01

Health: -8/138     AC: 26    Str: 31    XL:     16   Next: 83%
Magic:  6/15       EV: 23    Int:  4    God:    Trog [******]
Gold:   1865       SH:  0    Dex: 13    Spells: 15/15 levels left

rFire    . . .     SeeInvis .   M - +5 eveningstar (protect)
rCold    . . .     Gourm    .   (no shield)
rNeg     . . .     Faith    +   v - +0 swamp dragon scales
rPois    +         Spirit   .   a - +2 hat
rElec    .         Reflect  .   (no cloak)
rCorr    .         Harm     .   t - +1 pair of gloves
MR       +....                  N - +2 pair of boots {run}
Stlth    +.........             Y - amulet of faith
HPRegen  0.33/turn              w - +3 ring of strength
MPRegen  0.14/turn              x - +6 ring of evasion

@: protection aura, berserk cooldown, slowed, very slow
A: retaliatory headbutt, hooves 1, horns 2, agile 1
a: Berserk, Trog's Hand, Brothers in Arms, Burn Spellbooks, Renounce Religion


You were on level 4 of the Swamp.
You worshipped Trog.
Trog was exalted by your worship.
You were not hungry.

You visited 5 branches of the dungeon, and saw 26 of its levels.
You also visited: Ossuary.

You collected 1865 gold pieces.

Inventory:

Hand Weapons
 y - a +1 antimagic great mace
 M - a +5 eveningstar of protection (weapon)
 O - the +9 dire flail "Erphummill" {flame, *Noise rElec rF+ Int+2}
   (Trog gifted it to you on level 2 of the Swamp)

   It has been specially enchanted to burn those struck by it, causing extra
   injury to most foes and up to half again as much damage against particularly
   susceptible opponents.
   It affects your intelligence (+2).
   It protects you from fire.
   It insulates you from electricity.
   It may make noises in combat.
 W - a +4 antimagic battleaxe
Missiles
 j - 595 stones (quivered)
Armour
 a - a +2 hat (worn)
 t - a +1 pair of gloves (worn)
 v - +0 swamp dragon scales (worn)
 K - a +2 chain mail of cold resistance
 N - a +2 pair of boots of running (worn)
 X - a +2 scale mail of fire resistance
Jewellery
 r - an uncursed ring of see invisible
 w - a +3 ring of strength (left hand)
 x - a +6 ring of evasion (right hand)
 H - a +3 ring of dexterity
 Y - an amulet of faith (around neck)
Wands
 f - a wand of flame (27)
 z - a wand of digging (13)
 E - a wand of disintegration (6)
 F - a wand of polymorph (17)
 J - a wand of acid (12)
 R - a wand of iceblast (17)
 V - a wand of paralysis (12)
Scrolls
 d - 3 scrolls of fog
 e - 4 scrolls of teleportation
 g - 4 scrolls of enchant armour
 o - 9 scrolls of remove curse
 A - 6 scrolls of blinking
 D - a scroll of torment
 P - 5 scrolls of magic mapping
 Q - 2 scrolls of fear
 T - 9 scrolls of identify
Potions
 b - 2 potions of invisibility
 h - 5 potions of agility
 k - 3 potions of curing
 m - 4 potions of haste
 n - 4 potions of brilliance
 q - 4 potions of resistance
 s - 2 potions of flight
 u - 3 potions of ambrosia
 B - 4 potions of cancellation
 G - 2 potions of berserk rage
 I - a potion of magic
 L - 3 potions of might
 U - a potion of heal wounds
Books
 l - a book of Clouds

   Spells                             Type                      Level
   a - Poisonous Vapours              Poison/Air                   2
   b - Mephitic Cloud                 Conjuration/Poison/Air       3
   c - Conjure Flame                  Conjuration/Fire             3
   d - Freezing Cloud                 Conjuration/Ice/Air          6
   e - Ring of Flames                 Charms/Fire                  7
   Trog disapproves of the use of such an item.
 p - a book of Frost

   Spells                             Type                      Level
   a - Freeze                         Ice                          1
   b - Throw Frost                    Conjuration/Ice              2
   c - Ozocubu's Armour               Charms/Ice                   3
   d - Throw Icicle                   Conjuration/Ice              4
   e - Summon Ice Beast               Ice/Summoning                4
   Trog disapproves of the use of such an item.
 C - a book of Necromancy

   Spells                             Type                      Level
   a - Pain                           Necromancy                   1
   b - Animate Skeleton               Necromancy                   1
   c - Vampiric Draining              Necromancy                   3
   d - Regeneration                   Charms/Necromancy            3
   e - Animate Dead                   Necromancy                   4
   f - Borgnjor's Vile Clutch         Necromancy/Earth             5
   Trog disapproves of the use of such an item.
Miscellaneous
 i - a fan of gales
 Z - a phial of floods
Comestibles
 c - 36 rations
 S - a chunk of flesh


   Skills:
 + Level 11.4 Fighting
 - Level 19.4(22.7) Axes
 - Level 20.3(23.0) Maces & Flails
   Level 4.0(13.7) Polearms
 - Level 12.7 Armour
 - Level 10.0 Dodging


You had 15 spell levels left.
You didn't know any spells.

Dungeon Overview and Level Annotations

Branches:
Dungeon (14/15)            Temple (1/1) D:5            Lair (6/6) D:8
  Swamp (4/4) Lair:2        Snake (0/4) Lair:3        Slime (0/5) Lair:6
    Orc (1/2) D:11         Vaults (0/5) D:14

Altars:
Ashenzari
Cheibriados
Dithmenos
Elyvilon
Fedhas
Gozag
Hepliaklqana
Kikubaaqudgha
Makhleb
Nemelex Xobeh
Okawaru
Qazlal
Ru
Sif Muna
Trog
Uskayaw
Vehumet
Wu Jian
Xom
Yredelemnul
Zin
The Shining One

Shops:
D:10 =

Annotations:
Lair:4 exclusion: 2 oklob plants
Swamp:4 exclusion: Roxanne, Roxanne


Innate Abilities, Weirdness & Mutations

You reflexively headbutt those who attack you in melee.
You have a pair of horns on your head.
You have large cloven feet.
You are agile. (Dex +2)


Message History

M - a +5 eveningstar of protection (weapon)
The four-headed hydra roars!
You hear a roar!
A seven-headed hydra comes into view.
Things that are here:
a swamp dragon corpse; a hornet corpse You see here a swamp drake corpse.
The four-headed hydra barely misses you.
You furiously retaliate!
You headbutt the four-headed hydra.
The four-headed hydra closely misses you.
The four-headed hydra completely misses you.
The four-headed hydra barely misses you.
A seven-headed hydra comes into view.
You impale the four-headed hydra!!
Your weapon exudes an aura of protection.
The four-headed hydra is heavily wounded.
The four-headed hydra bites you but does no damage.
The four-headed hydra bites you!
* * * LOW HITPOINT WARNING * * *
The four-headed hydra bites you!
You die...

♣≈≈§≈≈≈§..≈≈≈.♣♣.
.≈...≈w...≈.≈♣..
♣≈.≈≈≈≈≈.≈≈..≈♣♣
#♣≈≈≈≈≈≈..≈≈≈.≈≈≈
#.≈≈≈≈.§. ≈≈≈≈♣≈≈
#♣≈≈≈f≈.♣ ≈.≈≈≈≈≈
#♣≈≈≈§(≈≈♣♣♣≈..≈≈♣♣
#♣≈...≈†♣♣♣D@≈≈...§♣
♣.(.≈≈..♣≈[D.≈≈≈.♣♣♣
≈.♣.≈.D(..††.≈≈≈.♣
♣♣♣♣♣♣♣(≈≈≈§≈.♣♣♣
≈≈♣♣♣≈.≈≈≈..≈≈≈≈≈.♣
♣♣♣≈≈≈..≈≈(...≈≈≈.♣...
(.♣♣♣♣≈≈≈§....≈≈.♣♣≈≈≈♣
.≈.♣♣.((≈≈≈....≈≈♣ ..≈♣
(≈.≈.≈≈(≈≈≈≈≈≈≈≈... ...


You could see 2 seven-headed hydras and a four-headed hydra.

Vanquished Creatures
  Mara (Swamp:3)
  Rupert (D:12)
  A tentacled monstrosity (Swamp:3)
  Gastronok (D:11)
  A dire elephant (Lair:6)
  Snorg (D:11)
  Fannar (D:12)
  Josephine (D:11)
  2 vault guards (D:14)
  16 hydras
  Erolcha (D:13)
  A rakshasa (D:14)
  A catoblepas (Lair:6)
  6 two-headed ogres
  4 centaur warriors
  2 alligators
  Erica (D:8)
  3 death yaks (Lair:6)
  Urug (Lair:2)
  The ghost of Gitz the Cleaver, a novice DsBe of Trog (D:7)
  3 spriggan druids
  4 lindwurms (Lair:6)
  2 shambling mangroves (Swamp:4)
  A necromancer (D:14)
  13 swamp dragons
  12 ugly things
  5 manticores
  A cyclops (D:11)
  9 elephants
  5 black mambas
  6 torpor snails
  17 spiny frogs
  4 rime drakes
  4 komodo dragons
  A polar bear (Lair:4)
  12 tyrant leeches
  5 trolls
  11 hippogriffs
  22 hornets
  16 slime creatures
  7 dream sheep
  Prince Ribbit (D:6)
  7 bog bodies
  16 blink frogs
  2 shadows
  Eustachio (D:6)
  4 wraiths (D:11)
  49 yaks
  15 spriggans
  5 basilisks
  A basilisk (shapeshifter) (D:13)
  19 vampire mosquitoes
  A steam dragon (Lair:2)
  2 hungry ghosts
  21 humans (D:14)
  11 swamp worms
  2 wargs (D:8)
  6 insubstantial wisps (Swamp:4)
  2 acid dragons (D:13)
  5 nagas (Lair:3)
  7 water moccasins
  13 porcupines
  14 swamp drakes
  7 orc warriors
  3 ice beasts
  4 sky beasts
  6 necrophages (Lair:4)
  2 black bears
  A phantom (D:8)
  6 wolves (Lair:2)
  7 ogres
  15 centaurs
  14 crocodiles
  2 elf zombies (Ossuary)
  3 big kobolds
  7 bullfrogs
  A water moccasin zombie (D:10)
  5 scorpions
  3 howler monkeys
  12 wights
  4 crimson imps
  2 centaur zombies (Ossuary)
  2 bullfrog zombies (D:7)
  A quasit (D:4)
  A human zombie (Ossuary)
  A bullfrog skeleton (D:10)
  A gnoll shaman (D:5)
  8 hounds
  3 jellies
  12 orc priests
  11 orc wizards
  5 centaur skeletons
  A hell rat (Lair:6)
  3 iguanas
  10 worker ants
  2 big kobold zombies (Ossuary)
  2 mummies (Ossuary)
  2 worker ant zombies (D:10)
  12 gnolls
  A howler monkey skeleton (D:10)
  15 adders
  4 adder zombies
  2 oozes (D:3)
  An adder skeleton (D:8)
  4 worms
  A dart slug (D:1)
  2 leopard geckos
  43 orcs
  4 giant cockroaches
  4 hobgoblins
  10 jackals
  16 kobolds
  7 quokkas
  A ball python (D:4)
  7 bats
  3 frilled lizards
  7 goblins
  6 hobgoblin zombies (Ossuary)
  11 kobold zombies (Ossuary)
  A leopard gecko zombie (D:9)
  9 orc zombies (Ossuary)
  9 rats
  A rat zombie (Ossuary)
  A fungus (Lair:5)
  5 plants
767 creatures vanquished.

Vanquished Creatures (collateral kills)
  An ice dragon (Lair:6)
1 creature vanquished.

Vanquished Creatures (others)
  A hornet (Swamp:4)
  A sky beast (D:11)
  A human (D:9)
  24 fungi
  26 plants
53 creatures vanquished.

Grand Total: 821 creatures vanquished

Notes
Turn   | Place    | Note
-------+----------+-------------------------------------------
     0 | D:1      | HypnoRock the Minotaur Berserker began the quest for the Orb.
     0 | D:1      | Reached XP level 1. HP: 19/19 MP: 0/0
    24 | D:1      | Reached XP level 2. HP: 15/26 MP: 1/1
   354 | D:1      | Reached ** piety under Trog
   359 | D:1      | Reached skill level 5 in Axes
   626 | D:2      | Reached XP level 3. HP: 13/31 MP: 2/2
   986 | D:2      | Found a hazy altar of Hepliaklqana.
   987 | D:2      | Found a shimmering altar of Xom.
   987 | D:2      | Noticed a yak
   988 | D:2      | Noticed a yak
   988 | D:2      | Noticed a spectral ugly thing
  1126 | D:2      | Reached XP level 4. HP: 38/39 MP: 3/3
  1718 | D:3      | Reached XP level 5. HP: 40/45 MP: 4/4
  1991 | D:3      | Found a blossoming altar of Fedhas.
  2200 | D:3      | Gained mutation: You are agile. (Dex +2) [potion of mutation]
  2200 | D:3      | Gained mutation: You have large cloven feet. [potion of mutation]
  2558 | D:4      | Reached *** piety under Trog
  2558 | D:4      | Reached skill level 1 in Maces & Flails
  2617 | D:4      | Reached skill level 2 in Maces & Flails
  2617 | D:4      | Reached XP level 6. HP: 48/51 MP: 5/5
  2676 | D:4      | Reached skill level 3 in Maces & Flails
  2928 | D:4      | Reached skill level 4 in Maces & Flails
  2945 | D:4      | Reached skill level 5 in Maces & Flails
  2952 | D:4      | Reached XP level 7. HP: 19/57 MP: 6/6
  3255 | D:4      | Reached skill level 6 in Maces & Flails
  3794 | D:5      | Entered Level 5 of the Dungeon
  3873 | D:5      | Reached skill level 7 in Maces & Flails
  4153 | D:5      | Found a glowing silver altar of Zin.
  4172 | D:5      | Found an iron altar of Okawaru.
  4383 | D:5      | Found a staircase to the Ecumenical Temple.
  4389 | Temple   | Entered the Ecumenical Temple
  4695 | D:5      | Found a burning altar of Makhleb.
  4783 | D:6      | Reached skill level 5 in Fighting
  4790 | D:6      | Noticed Prince Ribbit
  4803 | D:6      | Killed Prince Ribbit
  4803 | D:6      | Reached skill level 8 in Maces & Flails
  4803 | D:6      | Reached XP level 8. HP: 64/68 MP: 7/7
  4812 | D:6      | Reached skill level 9 in Maces & Flails
  4845 | D:6      | Reached **** piety under Trog
  4845 | D:6      | Reached skill level 10 in Maces & Flails
  4853 | D:6      | Noticed Eustachio
  4878 | D:6      | Reached XP level 9. HP: 47/74 MP: 8/8
  4884 | D:6      | Reached skill level 10 in Axes
  4897 | D:6      | Killed Eustachio
  5021 | D:6      | Found a sand-covered staircase.
  5030 | Ossuary  | Entered an ossuary
  5312 | Ossuary  | Reached ***** piety under Trog
  5425 | D:6      | Found a hide-covered altar of Uskayaw.
  5677 | D:7      | Noticed Gitz's ghost (novice DsBe)
  5690 | D:7      | Killed Gitz's ghost
  5901 | D:7      | Found an ornate altar of the Wu Jian Council.
  6292 | D:7      | Reached XP level 10. HP: 79/81 MP: 9/9
  6748 | D:8      | Found a staircase to the Lair.
  6961 | D:8      | Found a shattered altar of Ashenzari.
  7015 | D:8      | Found an opulent altar of Gozag.
  7053 | D:8      | Noticed Erica
  7064 | D:8      | Killed Erica
  7064 | D:8      | Reached skill level 11 in Maces & Flails
  7198 | Lair:1   | Entered Level 1 of the Lair of Beasts
  7344 | Lair:1   | Noticed a spiny frog
  7347 | Lair:1   | Killed a spiny frog
  7370 | Lair:1   | Reached skill level 15 in Axes
  7948 | Lair:1   | Reached XP level 11. HP: 71/86 MP: 10/10
  8320 | Lair:2   | Noticed Urug
  8330 | Lair:2   | Killed Urug
  8770 | Lair:2   | Found a staircase to the Swamp.
  9832 | Lair:3   | Reached skill level 12 in Maces & Flails
 10213 | Lair:3   | Reached skill level 5 in Armour
 10298 | Lair:3   | Received a gift from Trog
 10300 | Lair:3   | Reached skill level 5 in Dodging
 10450 | Lair:3   | Reached XP level 12. HP: 84/94 MP: 3/11
 10534 | Lair:3   | Noticed a six-headed hydra
 10543 | Lair:3   | Killed a six-headed hydra
 10692 | Lair:3   | Found a staircase to the Snake Pit.
 11445 | Lair:4   | Reached skill level 13 in Maces & Flails
 11971 | Lair:4   | Noticed a seven-headed hydra
 11984 | Lair:4   | Killed a seven-headed hydra
 12783 | Lair:5   | Noticed a five-headed hydra
 12788 | Lair:5   | Noticed a five-headed hydra
 12793 | Lair:5   | Killed a five-headed hydra
 12793 | Lair:5   | Reached skill level 10 in Armour
 12798 | Lair:5   | Killed a five-headed hydra
 12897 | Lair:5   | Reached XP level 13. HP: 73/108 MP: 12/12
 13008 | Lair:5   | Reached XP level 14. HP: 111/116 MP: 13/13
 13286 | Lair:6   | Entered Level 6 of the Lair of Beasts
 13307 | Lair:6   | Received a gift from Trog
 13427 | Lair:6   | Reached skill level 10 in Dodging
 13665 | Lair:6   | Reached skill level 10 in Fighting
 14660 | Lair:6   | Found a staircase to the Slime Pits.
 15610 | Lair:6   | Identified a +2 pair of boots of running (You found it on level 6 of the Lair of Beasts)
 15803 | Lair:6   | Found a runed door.
 16505 | D:9      | Found a deep blue altar of Sif Muna.
 16519 | D:9      | Found an ancient bone altar of Kikubaaqudgha.
 16579 | D:9      | Reached skill level 1 in Polearms
 17047 | D:10     | Entered Level 10 of the Dungeon
 17116 | D:10     | Received a gift from Trog
 17371 | D:10     | Found Wiefes's Jewellery Shoppe.
 17984 | D:11     | Reached XP level 15. HP: 121/126 MP: 4/14
 18001 | D:11     | Noticed Gastronok
 18025 | D:11     | Killed Gastronok
 18237 | D:11     | Noticed Josephine
 18244 | D:11     | Killed Josephine
 18380 | D:11     | Noticed Snorg
 18391 | D:11     | Killed Snorg
 18485 | D:11     | Found a staircase to the Orcish Mines.
 19103 | D:12     | Received a gift from Trog
 19241 | D:12     | Noticed Rupert
 19257 | D:12     | Killed Rupert
 19257 | D:12     | Reached skill level 14 in Maces & Flails
 19655 | D:12     | Noticed Fannar
 19674 | D:12     | Killed Fannar
 20181 | D:13     | Noticed Erolcha
 20187 | D:13     | Killed Erolcha
 20273 | D:13     | Reached ****** piety under Trog
 20273 | D:13     | Reached skill level 15 in Maces & Flails
 20375 | D:13     | Received a gift from Trog
 21802 | D:14     | Reached skill level 16 in Maces & Flails
 22271 | D:14     | Received a gift from Trog
 22532 | D:14     | Reached skill level 17 in Maces & Flails
 22579 | D:14     | Found a gate to the Vaults.
 22759 | Orc:1    | Entered Level 1 of the Orcish Mines
 23047 | Swamp:1  | Entered Level 1 of the Swamp
 23447 | Swamp:2  | Paralysed by a hornet for 3 turns
 24100 | Swamp:2  | Reached XP level 16. HP: 134/134 MP: 4/15
 24421 | Swamp:2  | Received a gift from Trog
 24422 | Swamp:2  | Got a faintly glowing dire flail {god gift}
 24423 | Swamp:2  | Identified the +9 dire flail "Erphummill" {flame, *Noise rElec rF+ Int+2} (Trog gifted it to you on level 2 of the Swamp)
 24455 | Swamp:2  | Reached skill level 18 in Maces & Flails
 26622 | Swamp:3  | Noticed Mara
 27212 | Swamp:3  | Reached skill level 19 in Maces & Flails
 27307 | Swamp:3  | Noticed HypnoRock's illusion
 27326 | Swamp:3  | Killed Mara
 27505 | Swamp:3  | Noticed a tentacled monstrosity
 27518 | Swamp:3  | Killed a tentacled monstrosity
 27875 | Swamp:3  | Received a gift from Trog
 27911 | Swamp:3  | Reached skill level 20 in Maces & Flails
 28058 | Swamp:3  | Found a snail-covered altar of Cheibriados.
 28480 | Swamp:4  | Entered Level 4 of the Swamp
 28480 | Swamp:4  | Noticed Roxanne
 28686 | Swamp:4  | HP: 4/138 [four-headed hydra (13)]
 28686 | Swamp:4  | Mangled by a four-headed hydra

Skill      XL: |  1  2  3  4  5  6  7  8  9 10 11 12 13 14 15 16 |
---------------+-------------------------------------------------+-----
Axes           | 4 5 6 7 9 13 15 17 18 19 | 19.4
Maces & Flails | 2 5 8 10 11 12 13 17 20 | 20.3
Fighting       | 5 8 10 11 | 11.4
Armour         | 5 10 12 | 12.7
Dodging        | 5 9 10 | 10.0
Polearms       | 4 |  4.0

Action                   |  1- 3 |  4- 6 |  7- 9 | 10-12 | 13-15 | 16-18 || total
-------------------------+-------+-------+-------+-------+-------+-------++-------
Melee: Hand axe          |    84 |    52 |       |       |       |       ||   136
       Headbutt          |    10 |    24 |    50 |   105 |   266 |    83 ||   538
       Whip              |       |    48 |    72 |       |       |       ||   120
       War axe           |       |    25 |    41 |       |       |       ||    66
       Battleaxe         |       |       |   133 |   336 |   631 |    87 ||  1187
       Dire flail        |       |       |       |     1 |       |   201 ||   202
       Eveningstar       |       |       |       |   133 |   303 |    33 ||   469
       Great mace        |       |       |       |       |     2 |       ||     2
Throw: Stone             |     1 |    35 |   102 |   275 |   260 |    86 ||   759
Invok: Berserk           |     1 |     2 |       |     1 |     1 |     1 ||     6
       Trog's Hand       |       |       |       |     3 |     4 |       ||     7
       Burn Spellbooks   |       |       |       |       |     1 |     1 ||     2
       Brothers in Arms  |       |       |       |       |     1 |       ||     1
Evoke: Wand              |       |       |     4 |       |     1 |     1 ||     6
       Fan of gales      |       |       |       |       |     1 |       ||     1
  Use: Scroll            |     6 |     8 |     3 |     6 |    14 |     1 ||    38
       Potion            |       |     1 |     2 |     5 |     6 |     6 ||    20
 Stab: Confused          |       |       |       |       |     1 |       ||     1
  Eat: Chunk             |     2 |     6 |    12 |    19 |    32 |     8 ||    79
       Ration            |       |       |       |     1 |     2 |     2 ||     5
Armor: Animal skin       |    22 |       |       |       |       |       ||    22
       Scale mail        |     5 |    20 |     5 |    11 |       |       ||    41
       Ring mail         |       |    30 |     9 |       |       |       ||    39
       Chain mail        |       |       |    45 |   107 |   231 |    49 ||   432
       Swamp dragon scal |       |       |       |       |       |    49 ||    49
Dodge: Dodged            |    54 |    76 |   130 |   293 |   629 |   270 ||  1452
